 Dungeon Crawl Stone Soup version 0.18.1-48-g4cf74bf (webtiles) character file.

1949 rockintein the Cleaver (level 8, -5/74 HPs)
             Began as a Minotaur Berserker on June 25, 2016.
             Was a Priest of Trog.
             Slain by a troll (13 damage)
             ... on level 6 of the Dungeon.
             The game lasted 00:07:39 (4665 turns).

rockintein the Cleaver (Minotaur Berserker)         Turns: 4665, Time: 00:07:40

Health: -5/74      AC: 10    Str: 24    XL:     8   Next: 99%
Magic:  7/7        EV:  9    Int:  4    God:    Trog [***...]
Gold:   283        SH:  0    Dex: 10    Spells: 0 memorised, 7 levels left

rFire  . . .     SeeInvis +     u - +4 war axe (chop)
rCold  . . .     Gourm    .     r - +0 chain mail
rNeg   . . .     Faith    .     (no shield)
rPois  .         Spirit   .     (helmet restricted)
rElec  .         Dismiss  .     (no cloak)
rCorr  .         Reflect  .     (no gloves)
SustAt .         Harm     .     (no boots)
MR     +++..                    n - amulet of regeneration
Stlth  ..........               b - ring of protection from magic
                                m - ring of see invisible

@: regenerating, extremely resistant to hostile enchantments, extremely
unstealthy
A: retaliatory headbutt, horns 2
a: Berserk, Trog's Hand, Burn Spellbooks, Renounce Religion


You were on level 6 of the Dungeon.
You worshipped Trog.
Trog was most pleased with you.
You were not hungry.

You visited 1 branch of the dungeon, and saw 6 of its levels.

You collected 283 gold pieces.

Inventory:

Hand Weapons
 p - a +1 flail of protection
 u - a +4 war axe of chopping (weapon)
Armour
 r - a +0 chain mail (worn)
Jewellery
 a - an uncursed ring of sustain attributes {unknown}
 b - a ring of protection from magic (right hand)
 m - a ring of see invisible (left hand)
 n - an amulet of regeneration (around neck)
Wands
 q - a wand of disintegration (8/24)
 x - a wand of teleportation (4/9)
Scrolls
 d - 2 scrolls of teleportation
 g - 3 scrolls of enchant armour
 h - 2 scrolls of identify
 k - a scroll of enchant weapon {unknown}
 l - a scroll of magic mapping
 y - a scroll of fog {unknown}
Potions
 e - a potion of agility
 f - 5 potions of curing
 i - a potion of magic
 o - a potion of brilliance
 t - a potion of lignification {unknown}
 w - 2 potions of heal wounds
Comestibles
 c - 4 bread rations
 j - 2 fruits
 s - 7 beef jerkies
 v - 2 meat rations
 z - 5 chunks of flesh


   Skills:
 + Level 8.0 Fighting
 * Level 10.4 Axes
 + Level 7.3 Armour
 - Level 2.1 Dodging


You had 7 spell levels left.
You didn't know any spells.

Dungeon Overview and Level Annotations

Branches:
Dungeon (6/15)             Temple (0/1) D:5

Altars:
Cheibriados
Nemelex Xobeh
Pakellas
Sif Muna


Innate Abilities, Weirdness & Mutations

You reflexively headbutt those who attack you in melee.
You have a pair of horns on your head.


Message History

You barely miss the troll. The troll bites you but does no damage.
The troll claws you but does no damage. The troll claws you.
You slash the troll! Your headbutt misses the troll.
The troll is moderately wounded.
The troll barely misses you. The troll claws you! The troll claws you.
You hit the troll.
The troll is heavily wounded.
The troll barely misses you. The troll claws you! The troll claws you.
You barely miss the troll.
The troll is heavily wounded.
The troll bites you! The troll claws you!
* * * LOW HITPOINT WARNING * * *
The troll claws you!
* * * LOW HITPOINT WARNING * * *
You are too injured to fight recklessly!
You are too injured to fight recklessly!
Your skin crawls.
You feel resistant to hostile enchantments.
You feel slightly more hungry. The troll bites you!
You die...

##...#..#####.###.###.#
##)##..# ##.#)##
#)##..# ##.##
#.##..#######.#
#)##..........#
#..........####
####.#.###.# .. #.# ###
.# #@# ..# # #T# #.#
#.# #.# #.# #.# #.# ..#
#.# <.# #.# ..# #.# .##


You could see a troll.

Vanquished Creatures
  Pikel (D:5)
  Grinder (D:6)
  Sigmund (D:3)
  Edmund (D:4)
  Duvessa (D:6)
  2 slaves (D:5)
  An orc warrior (D:6)
  A phantom (D:5)
  An ogre (D:6)
  A necrophage (D:6)
  Dowan (D:6)
  A scorpion (D:3)
  2 hounds
  An orc priest (D:6)
  A giant frog skeleton (D:6)
  Jessica (D:3)
  An iguana (D:5)
  4 worker ants
  A killer bee zombie (D:5)
  A hound skeleton (D:4)
  An adder (D:3)
  An ooze (D:3)
  4 worms
  6 dart slugs
  4 giant geckos
  12 orcs
  2 ball pythons
  A giant cockroach (D:1)
  6 goblins
  3 hobgoblins
  14 jackals
  A quokka (D:2)
  10 bats
  A giant gecko skeleton (D:4)
  3 giant newts
  11 kobolds
  8 rats
113 creatures vanquished.

Vanquished Creatures (others)
  Blork the orc (D:5)
  A giant cockroach (D:5)
  A giant gecko skeleton (D:5)
3 creatures vanquished.

Grand Total: 116 creatures vanquished

Notes
Turn   | Place    | Note
--------------------------------------------------------------
     0 | D:1      | rockintein the Minotaur Berserker began the quest for the Orb.
     0 | D:1      | Reached XP level 1. HP: 19/19 MP: 0/0
    87 | D:1      | Reached XP level 2. HP: 20/27 MP: 1/1
   205 | D:1      | Reached skill level 4 in Axes
   243 | D:1      | Found a sparkling altar of Nemelex Xobeh.
   817 | D:2      | Reached XP level 3. HP: 33/33 MP: 2/2
   828 | D:2      | Reached ** piety under Trog
  1633 | D:3      | Noticed Jessica
  1636 | D:3      | Found an oddly glowing altar of Pakellas.
  1640 | D:3      | Reached skill level 5 in Axes
  1640 | D:3      | Reached XP level 4. HP: 38/41 MP: 3/3
  1642 | D:3      | Killed Jessica
  1841 | D:3      | Found a deep blue altar of Sif Muna.
  1940 | D:3      | Reached skill level 5 in Fighting
  1940 | D:3      | Reached XP level 5. HP: 38/48 MP: 4/4
  2104 | D:3      | Noticed Sigmund
  2129 | D:3      | Killed Sigmund
  2129 | D:3      | Reached skill level 6 in Axes
  2129 | D:3      | Reached XP level 6. HP: 56/56 MP: 5/5
  2453 | D:4      | Noticed Edmund
  2453 | D:4      | Reached *** piety under Trog
  2470 | D:4      | Killed Edmund
  2470 | D:4      | Reached skill level 7 in Axes
  2619 | D:4      | Reached XP level 7. HP: 62/62 MP: 6/6
  2954 | D:5      | Entered Level 5 of the Dungeon
  3152 | D:5      | Noticed Pikel
  3155 | D:5      | Noticed Blork the orc
  3170 | D:5      | Killed Pikel
  3170 | D:5      | Reached skill level 8 in Axes
  3170 | D:5      | Reached skill level 5 in Armour
  3170 | D:5      | Reached XP level 8. HP: 61/71 MP: 7/7
  3173 | D:5      | Killed Blork the orc
  3379 | D:5      | Found a staircase to the Ecumenical Temple.
  3466 | D:5      | Reached skill level 9 in Axes
  3991 | D:5      | Found a snail-covered altar of Cheibriados.
  4117 | D:6      | Noticed Duvessa
  4117 | D:6      | Noticed Dowan
  4120 | D:6      | Killed Duvessa
  4123 | D:6      | Killed Dowan
  4174 | D:6      | Noticed Grinder
  4176 | D:6      | Paralysed by Grinder for 5 turns
  4188 | D:6      | Killed Grinder
  4281 | D:6      | Reached skill level 10 in Axes
  4657 | D:6      | Noticed a troll
  4665 | D:6      | Slain by a troll

Skill      XL: |  1  2  3  4  5  6  7  8 |
---------------+-------------------------+-----
Axes           | 4 5 6 7 8 10 | 10.4
Fighting       | 4 5 6 8 |  8.0
Armour         | 3 4 5 7 |  7.3
Dodging        | |  2.1

Action                   |  1- 3 |  4- 6 |  7- 9 || total
-------------------------+-------+-------+-------++-------
Melee: Hand axe          |    93 |    72 |    42 ||   207
       Headbutt          |    18 |    11 |    14 ||    43
       War axe           |       |       |    68 ||    68
Invok: Berserk           |       |     2 |     2 ||     4
       Trog's Hand       |       |     1 |     4 ||     5
  Use: Potion            |     6 |     1 |     1 ||     8
       Scroll            |     5 |     3 |     2 ||    10
  Eat: Chunk             |     2 |     6 |     9 ||    17
Armor: Ring mail         |    37 |       |       ||    37
       Animal skin       |     1 |       |       ||     1
       Scale mail        |     3 |    32 |       ||    35
       Chain mail        |       |     2 |    40 ||    42
Dodge: Dodged            |    53 |    51 |    39 ||   143
